 Dungeon Crawl Stone Soup version 0.30.1-11-g7821555f0a (webtiles) character file.

Game seed: 4851168287714784411

77 pooper the Ducker (level 4, -5/34 HPs)
             Began as a Demonspawn Gladiator on Dec 8, 2023.
             Was a Follower of Trog.
             Succumbed to their own poison gas
             ... on level 3 of the Dungeon.
             The game lasted 00:08:10 (2088 turns).

pooper the Ducker (Demonspawn Gladiator)            Turns: 2088, Time: 00:08:11

Health: -5/34      AC:  6    Str: 17    XL:     4   Next: 14%
Magic:  4/4        EV: 12    Int:  9    God:    Trog [*.....]
Gold:   130        SH:  0    Dex: 16    Spells: 3/3 levels left

rFire   . . .        a - +0 rapier
rCold   . . .        (no shield)
rNeg    . . .        j - +0 ring mail
rPois   .            c - +0 helmet
rElec   .            (no cloak)
rCorr   .            (no gloves)
SInv    .            (no boots)
Will    .....        (no amulet)
Stlth   ++           (no ring)
HPRegen 0.25/turn    (no ring)
MPRegen 0.09/turn

%: no passive effects
@: lethally poisoned (-5 -> -54)
A: thin skeletal structure 1, powered by death 1, powered by pain 1
a: Renounce Religion, Berserk


You were on level 3 of the Dungeon.
You worshipped Trog.
Trog was aware of your devotion.
You visited 1 branch of the dungeon, and saw 3 of its levels.

You collected 130 gold pieces.

Inventory:

Hand Weapons
 a - a +0 rapier (weapon)
Missiles
 d - 4 throwing nets
 e - a javelin
 l - 8 poisoned darts (quivered)
 p - 5 stones
Armour
 b - a +0 leather armour
 c - a +0 helmet (worn)
 j - a +0 ring mail (worn)
Scrolls
 i - a scroll of identify
 o - a scroll of teleportation {unknown}
 q - a scroll of blinking {unknown}
Potions
 f - a potion of lignification {unknown}
 g - a potion of haste {unknown}
 h - a potion of resistance {unknown}
 k - 2 potions of might
 m - a potion of cancellation {unknown}
 n - a potion of curing {unknown}


   Skills:
 + Level 2.4 Fighting
 + Level 3.3 Short Blades
 + Level 1.8 Throwing
 + Level 0.8 Armour
 + Level 3.6 Dodging
 + Level 0.4 Stealth


You had 3 spell levels left.
You didn't know any spells.
Your spell library was empty.

Dungeon Overview and Level Annotations

Branches:
Dungeon (3/15)

Altars:
Trog

Shops:
D:2 *


Innate Abilities, Weirdness & Mutations

You have a somewhat thin skeletal structure. (Dex +2, Stealth+)
You regenerate a little health from kills.
You sometimes gain a little power by taking damage.


Message History

Done waiting.
You start waiting.
Done waiting.
There is an entrance to Lelusk's Assorted Antiques here.
Okay, then.
There is an escape hatch in the floor here.
You slide downwards.
The hatch slams shut behind you.
You hear the sound of rushing water.
There is an entrance to a sewer on this level.
Hurry and find it before the portal rusts away!
Found a scroll labelled COCLIK BAMELUO.
You see here a scroll labelled COCLIK BAMELUO.
r - a scroll labelled COCLIK BAMELUO The orc closely misses you.
The air fills with toxic fumes!
As you read the scroll labelled COCLIK BAMELUO, it crumbles to dust.
It was a scroll of poison.
The orc misses you.
Really walk into that cloud of poison gas? [Y]es or [N]o only, please.
Really walk into that cloud of poison gas?
Okay, then.
You don't know any spells.
You don't know any spells.
The orc hits you from afar with a +0 trident.
The orc hits you from afar with a +0 trident!
Hit: a) +0 rapier
Press: ? - help, Dir - move target, f - orc
Aim: an orc, wielding a +0 trident (about 36% to evade your +0 rapier)
Your weapon can't reach that far!
Okay, then.
Really walk into that cloud of poison gas?
You are engulfed in poison gas.
You are poisoned.
You feel very sick.
You are engulfed in poison gas.
You are lethally poisoned!
* * * LOW HITPOINT WARNING * * *
You feel extremely sick.
You are engulfed in poison gas.
You are more poisoned.
* * * LOW HITPOINT WARNING * * *
You die...

##§#§###.#
#§§.§§§#.#
#§#§#§#.###
#§o§§.....
##§☼§#.#.#
#.§.§....#
###§##.###
#§##...
#@#####..
#§# .# #☼#
# #§§ ###


You could see an orc.

Vanquished Creatures
  4 adders (D:2)
  A worm (D:2)
  4 bats (D:2)
  4 endoplasms
  4 giant cockroaches
  4 goblins (D:2)
  5 hobgoblins
  2 quokkas (D:2)
  2 ball pythons (D:2)
  2 frilled lizards
  4 rats
36 creatures vanquished.

Notes
Turn   | Place    | Note
-------+----------+-------------------------------------------
     0 | D:1      | pooper the Demonspawn Gladiator began the quest for the
                  | Orb.
     0 | D:1      | Reached XP level 1. HP: 16/16 MP: 1/1
   427 | D:1      | Found a faded altar of an unknown god.
   435 | D:1      | Gained mutation: You regenerate a little health from kills.
                  | [demonic ancestry]
   435 | D:1      | Reached XP level 2. HP: 22/22 MP: 2/2
   485 | D:1      | Prayed at the altar of an unknown god.
   485 | D:1      | Became a worshipper of Trog the Wrathful
   485 | D:1      | Reached * piety under Trog
   935 | D:2      | Gained mutation: You have a somewhat thin skeletal
                  | structure. (Dex +2, Stealth+) [demonic ancestry]
   935 | D:2      | Reached XP level 3. HP: 27/27 MP: 3/3
  1021 | D:2      | Found Lelusk's Assorted Antiques.
  1664 | D:2      | Gained mutation: You sometimes gain a little power by
                  | taking damage. [demonic ancestry]
  1664 | D:2      | Reached XP level 4. HP: 34/34 MP: 4/4
  2088 | D:3      | Succumbed to their own poison gas

Illustrated notes

Levels and vault maps discovered:
D:1:      mrwooster_arrival_arrow, layout_basic,
          hellmonk_ecumenical_altar_pennies_from_heaven
D:2:      wad_river_or_something, layout_basic, serial_shops, shop
D:3:      minmay_razor_zed, layout_loops_corners, ebering_ghost_reflecting_pool,
          portal_sewer_entry_f

Skill      XL: |  1  2  3 |
---------------+----------+-----
Dodging        | 3 |  3.6
Short Blades   | 3 |  3.3
Fighting       | |  2.4
Throwing       | |  1.8
Armour         | |  0.8
Stealth        | |  0.4

Action                     |  1- 3 |  4- 6 || total
---------------------------+-------+-------++-------
  Melee: Rapier            |   140 |     4 ||   144
         Punch             |     1 |       ||     1
  Throw: Dart              |     8 |       ||     8
         Throwing net      |     1 |       ||     1
    Use: Scroll            |     1 |     1 ||     2
   Stab: Held in net/web   |     1 |       ||     1
 Armour: Leather armour    |    13 |       ||    13
         Ring mail         |    59 |     2 ||    61
  Dodge: Dodged            |   105 |     4 ||   109
